Map: [ESL] Inside and Out

Players

夜蝶蝶蝶蝶蝶蝶蝶 (Firefly)

  • Race: Protoss Protoss

TIME (Oliveira) - Winner!

  • Race: Terran Terran

Event: DreamHack SC2 Masters 2022 Atlanta (Online)

VOD

Have the link to the VOD?

Description

Time

  • Played on: Oct. 7, 2022, 7:46 a.m.
  • Length: 18:10

All games in this series

Show
View Real Time Build Order
Export as new Build Order

夜蝶蝶蝶蝶蝶蝶蝶 Protoss 

Build Orders: 1 Gate Expand, Oracle Opening 

Get SALT Encoding   

  12  0:00  Probe  
  13  0:12  Probe  
  14  0:16  Pylon  
  14  0:24  Probe (Chrono Boost)  
  15  0:36  Probe (Chrono Boost), Gateway  
  16  0:44  Probe (Chrono Boost)  
  16  0:47  Assimilator  
  17  0:51  Probe  
  18  1:03  Probe  
  19  1:15  Probe  
  20  1:23  Cybernetics Core  
  20  1:27  Probe  
  21  1:39  Nexus  
  21  1:42  Probe  
  22  1:49  Assimilator  
  22  1:54  Probe  
  22  1:58  Pylon  
  23  2:14  Probe  
  23  2:16  Adept (Chrono Boost)  
  25  2:26  Probe  
  26  2:30  Stargate  
  26  2:38  Probe  
  26  2:41  Adept (Chrono Boost)  
  29  2:50  Probe  
  30  2:52  Probe  
  30  2:55  Warp Gate  
  30  2:57  Pylon  
  31  3:02  Adept (Chrono Boost), Probe  
  31  3:04  Probe  
  35  3:11  Oracle (Chrono Boost)  
  35  3:13  Shield Battery  
  39  3:20  Probe  
  39  3:21  Probe  
  40  3:32  Probe  
  40  3:33  Probe  
  42  3:41  Gateway  
  42  3:42  Oracle (Chrono Boost)  
  42  3:44  Probe  
  42  3:46  Probe  
  44  3:56  Probe (Chrono Boost)  
  44  3:59  Probe (Chrono Boost)  
  46  4:08  Twilight Council, Probe (Chrono Boost)  
  47  4:12  Pylon  
  47  4:16  Probe (Chrono Boost)  
  49  4:17  Probe (Chrono Boost)  
  49  4:22  Probe  
  49  4:23  Nexus  
  50  4:24  Probe  
  50  4:29  Pylon  
  51  4:34  Probe  
  52  4:38  Blink (Chrono Boost)  
  52  4:39  Probe, Forge  
  52  4:43  Assimilator  
  53  4:47  Probe  
  53  4:52  Probe  
  55  4:56  Pylon  
  55  4:57  Stalker  
  55  4:58  Protoss Ground Weapons Level 1 (Chrono Boost)  
  57  5:01  Stalker  
  57  5:03  Probe  
  57  5:06  Probe  
  61  5:14  Gateway  
  61  5:18  Gateway  
  61  5:23  Stalker  
  61  5:25  Stalker  
  65  5:30  Shield Battery  
  65  5:32  Shield Battery  
  65  5:39  Probe x2  
  65  5:50  Stalker x2  
  65  5:51  Probe  
  65  5:53  Probe  
  71  6:00  Probe, Pylon  
  70  6:10  Gateway  
  70  6:11  Stalker  
  70  6:13  Gateway, Stalker x3  
  70  6:14  Charge  
  70  6:16  Shield Battery, Probe  
  70  6:17  Probe  
  80  6:21  Probe  
  81  6:26  Gateway  
  81  6:30  Gateway  
  81  6:31  Probe  
  80  6:45  Probe  
  81  6:48  Probe  
  81  6:49  Robotics Facility, Probe  
  83  6:55  Stalker x4  
  83  6:57  Pylon  
  83  6:59  Probe  
  83  7:01  Probe, Pylon  
  92  7:03  Shield Battery  
  92  7:05  Protoss Ground Armor Level 1 (Chrono Boost)  
  92  7:06  Sentry  
  95  7:16  Pylon  
  95  7:17  Zealot  
  95  7:18  Zealot x3  
  95  7:19  Zealot  
  105  7:29  Zealot x2  
  99  7:42  Stalker x5  
  93  7:47  Zealot  
  93  7:50  Pylon  
  95  7:52  Zealot x2  
  95  7:55  Pylon  
  94  8:07  Warp Prism (Chrono Boost)  
  94  8:09  Zealot x5  
  106  8:13  Robotics Bay  
  106  8:15  Zealot  
  106  8:17  Assimilator  
  106  8:19  Assimilator  
  96  8:30  Zealot x6  
  96  8:40  Robotics Facility, Probe x2  
  96  8:41  Probe  
  99  8:54  Adept x3  
  105  8:57  Probe x3  
  108  9:03  Colossus  
  106  9:11  Zealot x2  
  106  9:14  Extended Thermal Lance (Chrono Boost)  
  116  9:19  Probe x2, Assimilator  
  116  9:22  Nexus  
  118  9:32  Zealot  
  118  9:33  Zealot x3  
  118  9:42  Colossus (Chrono Boost)  
  106  10:00  Protoss Ground Armor Level 2 (Chrono Boost)  
  106  10:03  Colossus (Chrono Boost)  
  106  10:05  Forge  
  106  10:09  Zealot x2  
  106  10:11  Zealot x2  
  106  10:12  Zealot x2  
  106  10:13  Sentry  
  120  10:17  Pylon  
  123  10:38  Nexus  
  119  10:47  Zealot x6  
  131  10:51  Templar Archives  
  131  10:55  Disruptor (Chrono Boost)  
  131  11:05  Zealot  
  131  11:08  Pylon  
  131  11:11  Pylon  
  133  11:16  Zealot x4  
  127  11:23  Zealot x3  
  121  11:27  Shield Battery  
  121  11:30  Stalker  
  123  11:43  Disruptor (Chrono Boost), Stalker x3  
  130  11:51  Robotics Facility  
  130  12:00  Stalker x2  
  130  12:12  Disruptor  
  133  12:22  Probe x3  
  136  12:23  Probe, Protoss Ground Weapons Level 2 (Chrono Boost)  
  136  12:25  Protoss Ground Armor Level 3 (Chrono Boost), Photon Cannon  
  136  12:28  High Templar x8  
  153  12:34  Archon  
  153  12:35  Archon x3  
  153  12:37  Probe x3  
  155  12:38  Shield Battery  
  155  12:41  Pylon  
  155  13:05  Zealot x4  
  163  13:07  Pylon  
  163  13:09  Pylon  
  163  13:10  Pylon  
  163  13:13  Photon Cannon  
  163  13:16  Shield Battery  
  163  13:18  Shield Battery  
  163  13:20  Shield Battery  
  163  13:21  Photon Cannon  
  163  13:22  Disruptor x2 (Chrono Boost)  
  163  13:25  Oracle  
  163  13:26  Photon Cannon  
  172  13:28  Photon Cannon, Assimilator, Probe  
  172  13:29  Probe x3, Assimilator  
  176  13:35  Dark Shrine  
  176  13:40  Gateway  
  176  13:41  Gateway  
  174  13:49  Stalker x4  
  182  13:56  Disruptor  
  182  13:57  Disruptor  
  186  14:15  Zealot x4  
  182  14:32  Stalker x3  
  186  14:52  Pylon  
  186  14:54  Pylon  
  186  14:55  Pylon  
  186  15:00  Pylon  
  186  15:02  Nexus, Zealot  
  186  15:05  Pylon x2  
  186  15:09  Disruptor  
  185  15:17  Zealot x4, Dark Templar  
  163  15:39  Zealot x8  
  163  15:40  Zealot  
  163  15:41  Nexus  
  147  15:45  Pylon  
  147  15:46  Colossus x2 (Chrono Boost)  
  148  16:13  Nexus  
  148  16:15  Pylon  
  139  16:32  Disruptor x2  
  117  16:35  Stalker x6  
  117  16:36  Stalker x3  
  101  16:49  Stalker  
  101  17:04  High Templar x9  
  119  17:09  Archon x3  
  119  17:10  Archon  
  119  17:14  Warp Prism (Chrono Boost)  
  119  17:17  High Templar  
  101  17:45  Nexus  
  101  17:55  Archon  
Show
View Real Time Build Order
Export as new Build Order

TIME Terran - Winner!

Build Orders:  

Get SALT Encoding   

  12  0:00  SCV  
  13  0:12  SCV  
  14  0:17  Supply Depot  
  14  0:24  SCV  
  15  0:38  SCV  
  15  0:39  Barracks  
  16  0:46  Refinery  
  16  0:50  SCV  
  17  1:03  SCV  
  18  1:10  Engineering Bay  
  18  1:15  SCV  
  19  1:29  Orbital Command, Marine  
  20  1:36  Supply Depot  
  20  1:46  Marine  
  21  1:51  Factory  
  21  1:55  SCV  
  22  2:07  Barracks Reactor, SCV  
  23  2:19  SCV  
  24  2:27  Command Center  
  24  2:36  SCV  
  25  2:42  Supply Depot  
  25  2:46  Hellion x2  
  25  2:49  SCV  
  30  2:54  Barracks  
  30  2:55  Barracks Tech Lab  
  30  3:00  Refinery  
  31  3:08  Hellion  
  31  3:09  Hellion  
  31  3:12  SCV  
  35  3:24  SCV  
  36  3:35  Marine x2  
  36  3:39  Cyclone  
  36  3:40  Orbital Command  
  42  3:41  SCV  
  42  3:42  Barracks Tech Lab  
  42  3:48  Bunker  
  42  3:55  Marine  
  38  3:57  Marine  
  36  4:03  Marine  
  36  4:04  SCV, Stimpack  
  36  4:05  SCV  
  39  4:11  Siege Tank  
  39  4:13  Marine  
  39  4:14  Marine  
  39  4:17  SCV x2  
  45  4:21  Marine  
  45  4:24  Starport  
  47  4:28  Supply Depot  
  47  4:30  SCV  
  47  4:31  Marine  
  48  4:33  SCV  
  48  4:34  Marine  
  51  4:40  Marine  
  51  4:43  SCV  
  51  4:45  SCV  
  54  4:50  Engineering Bay, Siege Tank  
  54  4:52  Supply Depot  
  57  4:54  Marine  
  57  4:55  Marine  
  59  5:00  SCV, Medivac  
  59  5:03  Supply Depot  
  62  5:11  Refinery  
  62  5:14  SCV x2, Marine  
  65  5:15  Marine  
  65  5:18  Terran Infantry Weapons Level 1  
  66  5:25  Marine  
  66  5:27  Barracks  
  67  5:29  SCV  
  67  5:31  Marine  
  67  5:32  Marine  
  67  5:34  SCV  
  70  5:39  Starport Reactor, Factory Reactor  
  70  5:41  SCV  
  71  5:43  Marine  
  71  5:46  SCV  
  71  5:49  Marine  
  73  5:53  SCV  
  74  5:58  SCV  
  74  6:00  Marine  
  74  6:01  Combat Shield  
  76  6:06  SCV  
  76  6:07  Marine  
  78  6:16  SCV, Marine x2  
  78  6:17  Supply Depot, Command Center  
  78  6:18  SCV  
  82  6:22  Medivac x2  
  86  6:29  Supply Depot  
  86  6:33  Concussive Shells  
  86  6:39  SCV x2, Widow Mine x2, Marauder  
  94  6:40  Marine  
  94  6:50  Marine  
  94  6:51  SCV x2, Marauder  
  98  6:56  Missile Turret  
  98  6:58  Refinery  
  98  6:59  Medivac x2  
  102  7:13  Supply Depot  
  102  7:14  Barracks  
  102  7:15  Barracks  
  102  7:16  Terran Infantry Armor Level 1  
  102  7:20  SCV  
  102  7:22  SCV  
  102  7:23  Marine  
  102  7:24  Marine x2  
  102  7:29  Widow Mine x2, Marauder  
  107  7:32  SCV  
  106  7:40  Marine  
  106  7:42  Marine x2  
  100  7:46  Medivac x2  
  100  7:47  Orbital Command  
  100  7:48  SCV x2  
  100  7:49  Marine  
  100  7:50  Widow Mine  
  108  7:51  Missile Turret  
  108  8:00  Marine  
  108  8:01  Marauder, Marine  
  108  8:04  Barracks Reactor, Barracks Tech Lab  
  112  8:05  SCV  
  112  8:08  Marauder  
  113  8:14  Widow Mine x2, Orbital Command  
  113  8:18  Marine x2  
  119  8:22  Marauder  
  119  8:25  Marine  
  105  8:29  SCV, Marauder  
  105  8:34  Armory  
  106  8:36  Engineering Bay, SCV, Marine x2  
  106  8:40  Widow Mine x2  
  106  8:41  SCV x2  
  114  8:43  Marauder  
  114  8:45  Supply Depot  
  114  8:48  SCV, Marine  
  116  8:49  Marauder  
  116  8:53  Bunker, SCV  
  116  8:54  Supply Depot  
  116  8:55  Marine x2  
  121  8:59  Marauder  
  121  9:00  Marine  
  125  9:06  Marine x2  
  125  9:07  SCV x2  
  127  9:10  Marauder  
  127  9:13  Marine x2  
  127  9:14  Widow Mine  
  127  9:15  Supply Depot  
  127  9:16  SCV, Widow Mine  
  136  9:19  Medivac x2  
  136  9:20  Marine  
  136  9:23  Supply Depot  
  141  9:26  Terran Infantry Weapons Level 2  
  141  9:32  Marine  
  141  9:34  Marine  
  141  9:36  SCV, Marauder  
  141  9:37  Marauder  
  140  9:42  SCV, Marine x2  
  140  9:45  SCV, Marine  
  132  9:49  Medivac x2, Widow Mine  
  132  9:50  SCV, Marauder  
  132  9:52  Marine  
  132  9:56  Terran Infantry Armor Level 2  
  132  9:57  Marauder  
  132  9:58  Marine  
  132  9:59  SCV, Marine  
  131  10:00  Marine  
  131  10:01  Widow Mine  
  131  10:06  Marine  
  137  10:10  Supply Depot, Refinery  
  137  10:11  Refinery, Marauder  
  137  10:12  Marine  
  139  10:16  Marine  
  139  10:20  Widow Mine  
  143  10:21  Marauder  
  143  10:26  Ghost Academy  
  143  10:27  Marine x2  
  145  10:33  Marauder  
  145  10:34  Marauder  
  142  10:36  Viking  
  142  10:37  Viking  
  148  10:43  Marauder  
  148  10:45  Marine x2  
  148  10:48  SCV  
  148  10:49  SCV x2  
  151  10:54  Marauder  
  153  10:58  Marine  
  153  10:59  Marine  
  153  11:00  Supply Depot  
  153  11:02  Command Center  
  155  11:16  Marine x2  
  146  11:25  Marine x2  
  125  11:26  Viking x2  
  125  11:27  Ghost  
  125  11:28  Ghost x2  
  125  11:30  Widow Mine x2  
  134  11:34  Marine x2  
  135  11:44  Terran Infantry Weapons Level 3  
  134  11:47  Missile Turret, Marine x2  
  134  11:52  Terran Ship Weapons Level 1  
  134  11:53  Marine  
  137  11:54  Marine  
  137  11:56  Widow Mine x2, Marine  
  137  11:59  Marauder  
  145  12:04  Viking  
  145  12:05  Viking  
  145  12:08  SCV  
  150  12:10  SCV x2  
  150  12:15  Marine x3  
  151  12:17  Marauder  
  151  12:20  SCV  
  154  12:29  Sensor Tower  
  154  12:31  Marauder x2, Marine  
  154  12:35  Missile Turret  
  154  12:36  Viking  
  161  12:37  Marine x3  
  161  12:40  Viking  
  166  12:45  Marine, Planetary Fortress  
  166  12:48  Enhanced Shockwaves  
  167  12:52  Marine x2  
  167  12:56  Marine  
  167  12:57  Marine  
  173  12:59  Widow Mine  
  173  13:00  Widow Mine  
  173  13:04  Marauder, Ghost  
  177  13:05  Marine  
  177  13:07  Supply Depot  
  177  13:08  SCV  
  177  13:09  Supply Depot x2  
  177  13:12  Terran Infantry Armor Level 3  
  179  13:18  Marine  
  180  13:27  Barracks  
  180  13:28  Barracks  
  180  13:29  Marauder x2, Marine x2  
  180  13:31  Barracks  
  185  13:39  Ghost  
  185  13:40  Marine x2  
  189  13:47  Terran Ship Weapons Level 2, Marine x2  
  191  13:51  Marauder  
  193  14:14  Marine  
  193  14:15  Marauder, Marine  
  191  14:18  Barracks Reactor, Barracks Tech Lab  
  191  14:19  Barracks Tech Lab  
  191  14:21  Command Center  
  191  14:23  Marine x2  
  195  14:24  Marauder  
  195  14:33  Marauder, Marine  
  194  14:41  Ghost  
  194  14:43  Ghost  
  196  14:50  Fusion Core, Starport  
  196  14:51  Refinery x2  
  196  14:53  Personal Cloaking  
  196  14:56  Sensor Tower  
  196  14:57  Liberator  
  175  15:36  Marine x3  
  175  15:37  Marauder x2  
  175  15:39  Marine x2  
  175  15:40  Marauder  
  175  15:41  Starport Reactor  
  173  15:45  Liberator x2  
  173  15:46  Advanced Ballistics  
  179  15:50  SCV x2  
  179  15:51  Command Center  
  179  15:53  Missile Turret  
  181  16:00  Marine  
  181  16:01  Missile Turret  
  182  16:05  Marine x3  
  182  16:06  Marauder  
  182  16:08  Widow Mine  
  182  16:09  Widow Mine  
  191  16:12  SCV  
  191  16:16  Marine  
  191  16:17  Marauder, Marine  
  179  16:26  SCV  
  179  16:27  Marine  
  179  16:28  Marauder x2, Marine x2  
  168  16:33  Liberator x4  
  168  16:37  Marine  
  168  16:38  Marine  
  168  16:40  SCV  
  157  16:48  Marine x3  
  157  16:49  Marauder  
  157  16:50  SCV  
  157  16:58  SCV  
  158  17:02  SCV  
  158  17:05  Marauder  
  157  17:09  Planetary Fortress  
  157  17:11  SCV  
  158  17:17  Sensor Tower  
  158  17:18  Marauder  
  154  17:25  SCV  
  154  17:28  Marauder x2  
  154  17:29  SCV  
  157  17:30  SCV  
  157  17:32  SCV  
Tags
 
Add a new tag
Caveats
  • Supply blocks, unpowered buildings, or Contaminate may cause inaccurate times.
  • Supply counts are checked every 10 seconds.